 Dungeon Crawl Stone Soup version 0.32-a0-995-gb4a59205af (webtiles) character file.

Game seed: 5051873111445922535

119 javelincjr the Caller (level 4, -3/33 HPs)
             Began as a Demigod Summoner on Apr 22, 2024.
             Slain by a river rat (6 damage)
             ... on level 3 of the Dungeon.
             The game lasted 00:10:00 (2252 turns).

javelincjr the Caller (Demigod Summoner)            Turns: 2252, Time: 00:10:01

Health: -3/33      AC:  2    Str: 15    XL:     4   Next: 46%
Magic:  0/10       EV: 11    Int: 21    God:
Gold:   82         SH:  0    Dex: 14    Spells: 2/8 levels left

rFire   . . .        k - +0 dagger (speed)
rCold   . . .        (no shield)
rNeg    . . .        a - +0 robe
rPois   .            (no helmet)
rElec   .            (no cloak)
rCorr   .            (no gloves)
SInv    .            (no boots)
Will    .....        f - amulet of guardian spirit
Stlth   ++           c - +6 ring of strength
HPRegen 0.25/turn    (no ring)
MPRegen 0.12/turn

%: guardian spirit
@: no status effects
A: high MP 1, forlorn, divine attributes
a: no special abilities


You were on level 3 of the Dungeon.
You visited 1 branch of the dungeon, and saw 3 of its levels.

You collected 82 gold pieces.

Inventory:

Hand Weapons
 j - a +0 spear
 k - a +0 dagger of speed (weapon)
Missiles
 i - 2 boomerangs
Armour
 a - a +0 robe (worn)
Jewellery
 c - a +6 ring of strength (left hand)
 f - an amulet of guardian spirit (around neck)
Scrolls
 d - a scroll of enchant armour {unknown}
 g - 3 scrolls of teleportation
 l - a scroll of fog {unknown}
 n - a scroll of amnesia {unknown}
 o - a scroll of poison {unknown}
 p - a scroll of noise
 q - 3 scrolls of fear
Potions
 b - a potion of magic
 e - a potion of attraction
 h - a potion of brilliance
 m - 2 potions of enlightenment


   Skills:
 + Level 2.7 Dodging
 + Level 2.8 Stealth
 + Level 2.5 Spellcasting
 + Level 4.1 Summonings


You had 2 spell levels left.
You knew the following spells:

 Your Spells              Type           Power      Damage    Failure   Level
a - Summon Small Mammal   Summ           80%        N/A       2%          1
b - Call Imp              Summ           40%        N/A       3%          2
c - Call Canine Familiar  Summ           20%        N/A       8%          3

Your spell library contained the following spells:

 Spells                   Type           Power      Damage    Failure   Level
 Summon Blazeheart Golem  Fire/Summ      11%        N/A       52%         4
 Summon Lightning Spire   Summ/Air       11%        N/A       52%         4


Dungeon Overview and Level Annotations

Branches:
Dungeon (3/15)

Shops:
D:3 *


Innate Abilities, Weirdness & Mutations

You have an increased reservoir of magic. (+10% MP)
You shall have no god before yourself.
Your divine heritage dramatically boosts your attributes as you level up.


Message History

You are too injured to fight recklessly!
Casting: Call Canine Familiar (quite dangerous; 8% risk of failure)
Confirm with . or Enter, or press ? or * to list all spells.
You swap places.
Your quokka bites the river rat.
The river rat misses your quokka.
Your quokka barely misses the river rat.
The river rat bites your quokka.
Your quokka bites the river rat but does no damage.
The river rat bites your quokka.
Your familiar recovers from its injuries.
Your quokka closely misses the river rat.
The river rat bites your quokka.
Your quokka dies!
Your quokka's corpse disappears in a puff of smoke!
Casting: Summon Small Mammal (safe; 2% risk of failure)
Confirm with . or Enter, or press ? or * to list all spells.
The river rat barely misses you.
The river rat barely misses your quokka.
Casting: Summon Small Mammal (safe; 2% risk of failure)
Confirm with . or Enter, or press ? or * to list all spells.
A tiny devil pulls itself out of the air.
Your quokka barely misses the river rat.
The river rat closely misses you. The river rat bites your quokka.
You hit the river rat but do no damage.
The river rat is moderately wounded.
Your quokka barely misses the river rat.
You closely miss the river rat.
The river rat is moderately wounded.
The river rat bites your quokka but does no damage.
The river rat bites you!
* * * LOW HITPOINT WARNING * * *
Your cerulean imp hits the river rat but does no damage.
You barely miss the river rat.
The river rat is moderately wounded.
Your quokka bites the river rat but does no damage.
The river rat bites your quokka.
Your quokka dies!
Your quokka's corpse disappears in a puff of smoke!
The river rat bites you!
You die...

######.#. #........
#......#. #........
#......).
#############.......#
#..............)...#_
#.###########.......#
#...@5~#****#####....
#...r~~#~~~~~~~*###..
#...§#~###****~** #..
#...~r~#~~~~~~~~* #..
#...~#§#~##****** #..
#..~~~r#r~~~~**∩* #..
#...~#~#r#~*~~~~* #..
#...~#~#~#~****** ##.
#....#~~~#~~~~~~* #.


You could see 2 river rats and a friendly cerulean imp (summoned).

Vanquished Creatures
  2 adders
  3 bats
  2 hobgoblins (D:2)
  2 quokkas (D:2)
9 creatures vanquished.

Vanquished Creatures (collateral kills)
  An orc priest (D:3)
  2 adders (D:3)
  2 dart slugs
  2 ribbon worms (D:2)
  3 orcs (D:3)
  2 bats (D:1)
  3 endoplasms (D:1)
  A giant cockroach (D:2)
  2 goblins
  3 hobgoblins
  3 jackals (D:1)
  2 kobolds (D:1)
  A quokka (D:1)
  2 rats
29 creatures vanquished.

Grand Total: 38 creatures vanquished

Notes
Turn   | Place    | Note
-------+----------+-------------------------------------------
     0 | D:1      | javelincjr the Demigod Summoner began the quest for the
                  | Orb.
     0 | D:1      | Reached XP level 1. HP: 14/14 MP: 5/5
   400 | D:1      | Reached XP level 2. HP: 17/20 MP: 5/7
   426 | D:1      | Learned a level 2 spell: Call Imp
  1422 | D:2      | Reached XP level 3. HP: 23/26 MP: 5/8
  1493 | D:2      | Learned a level 3 spell: Call Canine Familiar
  2024 | D:3      | Reached skill level 4 in Summonings
  2028 | D:3      | Reached XP level 4. HP: 17/33 MP: 2/10
  2053 | D:3      | Found Zin's Purification Station.
  2235 | D:3      | HP: 1/33 [poisoned by an adder]
  2252 | D:3      | Slain by a river rat

Illustrated notes

Levels and vault maps discovered:
D:1:      nagdon_arrival_double_spiral, layout_loops_ring,
          grunt_decor_arrowhead, supply_closet_lemuel
D:2:      layout_basic
D:3:      layout_basic, okawaru_metal_pillars_1_2, zin_purify,
          lightli_sewer_entry_pipes, amethyst_killhole, uniq_ijyb

Skill      XL: |  1  2  3 |
---------------+----------+-----
Stealth        | 2 |  2.8
Dodging        | 2 |  2.7
Spellcasting   | 2 |  2.5
Summonings     | 4 |  4.1

Action                     |  1- 3 |  4- 6 || total
---------------------------+-------+-------++-------
  Melee: Unarmed           |    24 |       ||    24
         Dagger            |    58 |    34 ||    92
   Cast: Summon Small Mamm |    27 |     2 ||    29
         Call Imp          |    17 |     3 ||    20
         Call Canine Famil |     3 |     2 ||     5
    Use: Scroll            |     7 |       ||     7
         Potion            |       |     1 ||     1
   Stab: Sleeping          |     1 |       ||     1
 Armour: Robe              |    46 |    20 ||    66
  Dodge: Dodged            |    47 |    18 ||    65

Table legend: (Time is in decaauts)
 A = Elapsed time spent in this place.
 B = Non-inter-level travel time spent in this place.
 C = Inter-level travel time spent in this place.
 D = Time resting spent in this place.
 E = Time spent auto-exploring this place.
 F = Levels seen in this place.
 G = Mean time per level.
                   A        B        C        D        E       F      G
               +--------+--------+--------+--------+--------+-----+--------+
         Total |   2268 |   2235 |     33 |     84 |   1607 |   3 |  756.0 |
       Dungeon |   2268 |   2235 |     33 |     84 |   1607 |   3 |  756.0 |
               +--------+--------+--------+--------+--------+-----+--------+

Top non-repeatable levels by time:
     D:2: 1005 daAuts
     D:1: 965 daAuts
     D:3: 297 daAuts
